 Dungeon Crawl Stone Soup version 0.20.0-15-g7f486f2 (webtiles) character file.

4457 Lokkij the Grappler (level 10, -3/82 (83) HPs)
             Began as a Ghoul Monk on June 28, 2017.
             Was an Elder of Qazlal.
             Killed from afar by Erica (24 damage)
             ... with an orb of energy
             ... on level 8 of the Dungeon.
             The game lasted 00:25:02 (7788 turns).

Lokkij the Grappler (Ghoul Monk)                    Turns: 7788, Time: 00:25:02

HP:   -3/82 (83)    AC:  4    Str: 16    XL:     10   Next: 37%
MP:   9/12          EV: 14    Int:  7    God:    Qazlal [****..]
Gold: 429           SH:  5    Dex: 14    Spells: 9/9 levels left

rFire    . . .     SeeInvis .     - Unarmed
rCold    + . .     Gourm    .   (no shield)
rNeg     + + +     Faith    .   a - +0 robe
rPois    ∞         Spirit   .   (no helmet)
rElec    .         Reflect  .   (no cloak)
rCorr    .         Harm     .   j - +0 pair of gloves
MR       .....                  i - +0 pair of boots
Stlth    +.........             (no amulet)
Regen    0.0/turn               d - +2 ring of intelligence
MPRegen  0.2/turn               (no ring)

@: rotting, repel missiles
A: rotting body, claws 1, carnivore 3, cold resistance 1, negative energy
resistance 3, inhibited regeneration, torment resistance, unbreathing
a: Upheaval, Elemental Force, Renounce Religion


You were on level 8 of the Dungeon.
You worshipped Qazlal.
Qazlal was greatly pleased with you.
You were not hungry.

You visited 2 branches of the dungeon, and saw 9 of its levels.

You collected 429 gold pieces.

Inventory:

Armour
 a - a +0 robe (worn)
 i - a +0 pair of boots (worn)
 j - a +0 pair of gloves (worn)
Jewellery
 d - a +2 ring of intelligence (left hand)
 h - an uncursed amulet of guardian spirit
 u - an uncursed ring of stealth {unknown}
Wands
 c - a wand of flame (34/48)
 m - a wand of acid (9/15)
 n - a wand of iceblast (2/15)
Scrolls
 f - 10 scrolls of identify
 g - 2 scrolls of remove curse
 o - a scroll of magic mapping {unknown}
 q - 5 scrolls of teleportation
 r - 2 scrolls of blinking
 y - 2 scrolls of fear {unknown}
 A - 2 scrolls of recharging {unknown}
Potions
 e - a potion of lignification {unknown}
 k - a potion of mutation {unknown}
 p - 2 potions of invisibility
 t - a potion of brilliance
 v - 2 potions of curing
Books
 s - a book of Fire

   Spells                             Type                      Level
   a - Ignite Poison                  Fire/Transmutation/Poison    3
   b - Fireball                       Conjuration/Fire             5
   c - Bolt of Fire                   Conjuration/Fire             6
   d - Ring of Flames                 Charms/Fire                  7
   e - Ignition                       Fire                         8
Comestibles
 b - 2 meat rations
 l - 4 royal jellies


   Skills:
 + Level 5.9 Fighting
 + Level 4.5 Dodging
 - Level 2.6 Stealth
 * Level 13.8 Unarmed Combat
 - Level 4.1 Invocations


You had 9 spell levels left.
You didn't know any spells.

Dungeon Overview and Level Annotations

Branches:
Dungeon (8/15)             Temple (1/1) D:6
   Lair: D:8-11

Altars:
Ashenzari
Cheibriados
Dithmenos
Elyvilon
Fedhas
Gozag
Hepliaklqana
Kikubaaqudgha
Makhleb
Nemelex Xobeh
Okawaru
Qazlal
Ru
Sif Muna
Trog
Vehumet
Xom
Yredelemnul
Zin
The Shining One

Shops:
D:7 [

Annotations:
D:8 Erica


Innate Abilities, Weirdness & Mutations

Your body is rotting away.
You thrive on raw meat.
You are immune to poison.
You have sharp fingernails.
You are carnivorous and can eat meat at any time.
Your flesh is cold resistant. (rC+)
You are immune to negative energy. (rN+++)
You do not regenerate when monsters are visible.
You are immune to unholy pain and torment.
You can survive without breathing.


Message History

You closely miss the porcupine.
The porcupine is heavily wounded.
The porcupine completely misses you.
You are struck by the porcupine's spines.
You closely miss the porcupine.
The porcupine is heavily wounded.
The porcupine bites you!
You hit the porcupine.
The porcupine is almost dead.
The porcupine misses you.
You barely miss the porcupine.
The porcupine is almost dead.
The porcupine bites you!
* * * LOW HITPOINT WARNING * * *
You hear some strange, mumbled words.
An orb of energy appears from out of thin air!
The orb of energy hits the porcupine.
The porcupine dies!
The orb of energy explodes!
The mystic blast hits you!
You die...

#.<....# #......#
#. #......#
##...#####......#
.............)..#
.....#####......#
#....#####......#
.
#......##§§....#
#
#.....§)@.######
# .#.....§#### .
.........##
..........#
..........#
..........#
.......O..#
........$.#
.......O..#


There were no monsters in sight!

Vanquished Creatures
  The ghost of happinesssam the Transmogrifier, a novice DrTm of Makhleb (D:7)
  Joseph (D:7)
  A hungry ghost (D:7)
  A steam dragon (D:7)
  Menkaure (D:7)
  A hornet zombie (D:7)
  A porcupine (D:8)
  A sky beast (D:5)
  An ice beast (D:7)
  A phantom (D:4)
  7 ogres
  A crocodile (D:8)
  A bullfrog (D:6)
  A gnoll sergeant (D:7)
  A scorpion (D:5)
  A water moccasin skeleton (D:4)
  6 killer bees
  3 wights (D:7)
  3 howler monkeys (D:7)
  2 jellies (D:7)
  A bullfrog zombie (D:6)
  2 orc priests
  5 hounds
  3 orc wizards
  4 gnoll shamans (D:6)
  Jessica (D:2)
  3 iguanas
  6 worker ants
  A hound skeleton (D:5)
  A mummy (D:6)
  Robin (D:2)
  2 howler monkey skeletons
  5 adders
  39 gnolls
  A shadow imp (D:6)
  An ooze (D:2)
  3 adder skeletons
  A worm (D:3)
  4 dart slugs
  A leopard gecko (D:4)
  18 orcs
  4 giant cockroaches
  15 goblins
  15 hobgoblins
  26 jackals
  5 quokkas
  2 ball pythons
  6 bats
  9 frilled lizards
  A giant cockroach zombie (D:6)
  10 kobolds
  2 quokka skeletons
  8 rats
242 creatures vanquished.

Vanquished Creatures (others)
  A porcupine (D:8)
  A fungus (D:8)
2 creatures vanquished.

Grand Total: 244 creatures vanquished

Notes
Turn   | Place    | Note
-------+----------+-------------------------------------------
     0 | D:1      | Lokkij the Ghoul Monk began the quest for the Orb.
     0 | D:1      | Reached XP level 1. HP: 19/19 MP: 0/0
    78 | D:1      | You fall through a shaft!
    78 | D:2      | Noticed Jessica
    83 | D:2      | Killed Jessica
    83 | D:2      | Reached XP level 2. HP: 21/27 MP: 1/1
    83 | D:2      | Reached XP level 3. HP: 26/33 MP: 2/2
   225 | D:2      | Reached skill level 4 in Unarmed Combat
   323 | D:2      | Noticed Robin
   352 | D:2      | Killed Robin
   352 | D:2      | Reached XP level 4. HP: 27/40 MP: 3/3
   481 | D:2      | Found a stormy altar of Qazlal.
  1324 | D:1      | Reached skill level 5 in Unarmed Combat
  1457 | D:2      | Reached XP level 5. HP: 44/46 MP: 4/4
  1741 | D:3      | Found a sparkling altar of Nemelex Xobeh.
  1890 | D:3      | Reached skill level 6 in Unarmed Combat
  1893 | D:3      | Found a faded altar of an unknown god.
  1933 | D:3      | Became a worshipper of Qazlal Stormbringer
  1933 | D:3      | Reached * piety under Qazlal
  1933 | D:3      | Reached ** piety under Qazlal
  2188 | D:3      | Reached *** piety under Qazlal
  2236 | D:3      | Reached XP level 6. HP: 45/51 MP: 5/5
  2584 | D:4      | Found a glowing golden altar of the Shining One.
  2621 | D:4      | Reached skill level 7 in Unarmed Combat
  2679 | D:4      | Reached XP level 7. HP: 58/59 MP: 6/6
  2720 | D:4      | Reached skill level 8 in Unarmed Combat
  2875 | D:4      | Reached skill level 9 in Unarmed Combat
  2969 | D:4      | Found a radiant altar of Vehumet.
  2969 | D:4      | Found a sparkling altar of Nemelex Xobeh.
  3037 | D:4      | Reached XP level 8. HP: 62/66 MP: 7/7
  3267 | D:5      | Entered Level 5 of the Dungeon
  3332 | D:5      | Reached skill level 10 in Unarmed Combat
  4105 | D:6      | Found a staircase to the Ecumenical Temple.
  4113 | Temple   | Entered the Ecumenical Temple
  4273 | D:6      | Found a snail-covered altar of Cheibriados.
  4351 | D:6      | Reached **** piety under Qazlal
  4359 | D:6      | Reached skill level 11 in Unarmed Combat
  4574 | D:6      | Reached skill level 1 in Invocations
  4657 | D:6      | Reached XP level 9. HP: 62/71 MP: 8/8
  4973 | D:6      | Reached skill level 12 in Unarmed Combat
  5404 | D:6      | Found a hazy altar of Hepliaklqana.
  5412 | D:6      | Found an iron altar of Okawaru.
  5419 | D:6      | Found a shadowy altar of Dithmenos.
  5890 | D:7      | Noticed happinesssam's ghost (novice DrTm)
  5907 | D:7      | Reached ***** piety under Qazlal
  5933 | D:7      | Killed happinesssam's ghost
  6088 | D:7      | HP: 2/71 [ogre/giant club (30)]
  6101 | D:7      | Noticed Joseph
  6442 | D:7      | Killed Joseph
  6442 | D:7      | Reached skill level 13 in Unarmed Combat
  6699 | D:7      | Reached XP level 10. HP: 37/79 MP: 12/12
  6921 | D:7      | Found Yhyla's Antique Armour Shoppe.
  6996 | D:7      | Reached skill level 5 in Fighting
  7234 | D:7      | Noticed Menkaure
  7245 | D:7      | Killed Menkaure
  7531 | D:8      | Noticed a hand axe
  7532 | D:8      | Noticed a hand axe
  7584 | D:8      | Noticed Erica
  7788 | D:8      | Killed from afar by Erica

Skill      XL: |  1  2  3  4  5  6  7  8  9 10 |
---------------+-------------------------------+-----
Unarmed Combat | 4 5 6 7 9 11 13 | 13.8
Fighting       | 4 5 |  5.9
Dodging        | 3 4 |  4.5
Invocations    | 1 4 |  4.1
Stealth        | |  2.6

Action                   |  1- 3 |  4- 6 |  7- 9 | 10-12 || total
-------------------------+-------+-------+-------+-------++-------
Melee: Unarmed           |    52 |   229 |   431 |    91 ||   803
       Punch             |     1 |     3 |    25 |     8 ||    37
Invok: Upheaval          |       |     1 |     6 |     2 ||     9
  Use: Potion            |     1 |     2 |     8 |       ||    11
       Scroll            |       |     3 |     3 |       ||     6
 Stab: Sleeping          |     2 |     3 |       |       ||     5
       Invisible         |     3 |     8 |       |       ||    11
       Distracted        |     1 |       |       |       ||     1
  Eat: Chunk             |    10 |    43 |    42 |     6 ||   101
Armor: Robe              |     4 |    39 |    39 |     9 ||    91
Dodge: Dodged            |    36 |   136 |   161 |    54 ||   387
       Deflected         |       |       |     3 |       ||     3
Block: Other             |       |    11 |    68 |    20 ||    99
